 Dungeon Crawl Stone Soup version 0.29-a0-241-g20d21d4356 (webtiles) character file.

Game seed: 875463260095919907

17504 Aksej the Fighter (level 12, -8/100 HPs)
             Began as a Demonspawn Gladiator on Mar 4, 2022.
             Was a High Priest of Ru.
             Shot with an arrow by a centaur warrior (15 damage)
             ... on level 13 of the Dungeon.
             The game lasted 00:31:14 (11752 turns).

Aksej the Fighter (Demonspawn Gladiator)           Turns: 11752, Time: 00:31:14

Health: -8/100     AC: 25    Str: 15    XL:     12   Next: 19%
Magic:  12/12      EV: 11    Int: 14    God:    Ru [*****.]
Gold:   15         SH:  0    Dex: 15    Spells: 10/11 levels left

rFire   + + +      SeeInvis .   a - +4 short sword of Furouj {vamp, rF++ Stlth+}
rCold   . . .      Faith    .   (shield unavailable)
rNeg    + + .      Spirit   .   i - +8 chain mail of Impressiveness {Contam Int+3 Stlth+}
rPois   .          Reflect  .   c - +2 helmet
rElec   .          Harm     .   (cloak unavailable)
rCorr   +          Rampage  .   (no gloves)
Will    +....                   C - +2 pair of boots
Stlth   +++++.....              L - amulet "Gaecedot" {rF++ rN+ Regen+ rCorr Dex-5}
HPRegen 1.06/turn               (ring unavailable)
MPRegen 0.13/turn               l - ring of positive energy

@: hasted, very quick
A: (demonic guardian 1), powered by pain 2, augmentation 1, missing a hand,
hated by all, no air magic, no translocations magic, no transmutations magic,
sturdy frame 2, weakness stinger 3, claws 1, thin skeletal structure 1,
strong-willed 1, evolution 1
a: Renounce Religion, Draw Out Power, Power Leap, Apocalypse


You were on level 13 of the Dungeon.
You worshipped Ru.
Ru was extremely pleased with you.
You visited 2 branches of the dungeon, and saw 14 of its levels.

You collected 768 gold pieces.
You spent 753 gold pieces at shops.

Inventory:

Hand Weapons
 a - the +4 short sword of Furouj (weapon) {vamp, rF++ Stlth+}
   (You found it on level 3 of the Dungeon)

   It occasionally heals its wielder for a portion of the damage dealt when it
   wounds a living foe.
   rF:        It greatly protects you from fire.
   Stlth:     It makes you more stealthy.
Missiles
 n - 3 boomerangs (quivered)
Armour
 c - a +2 helmet (worn)
 i - the +8 chain mail of Impressiveness (worn) {Contam Int+3 Stlth+}
   (You found it on level 2 of the Dungeon)

   Int:       It affects your intelligence (+3).
   Contam:    It causes magical contamination when unequipped.
   Stlth:     It makes you more stealthy.
 C - a +2 pair of boots (worn)
Jewellery
 f - a ring of ice
 h - a +6 ring of dexterity
 l - a ring of positive energy (right claw)
 p - a ring of fire
 H - a ring of flight
 K - a ring of wizardry
 L - the amulet "Gaecedot" (around neck) {rF++ rN+ Regen+ rCorr Dex-5}
   (You bought it in a shop on level 12 of the Dungeon)

   [amulet of regeneration]

   Dex:       It affects your dexterity (-5).
   rF:        It greatly protects you from fire.
   rN:        It protects you from negative energy.
   Regen:     It increases your rate of health regeneration.
   rCorr:     It protects you from acid and corrosion.
Wands
 o - a wand of mindburst (6)
 w - a wand of paralysis (13)
 z - a wand of charming (2)
 D - a wand of polymorph (5)
 G - a wand of iceblast (12)
 I - a wand of acid (8)
 M - a wand of flame (11)
Scrolls
 b - a scroll of magic mapping
 d - a scroll of holy word {unknown}
 g - 2 scrolls of torment
 j - a scroll of silence {unknown}
 k - a scroll of brand weapon {unknown}
 r - a scroll of enchant weapon
 y - a scroll of vulnerability {unknown}
 A - a scroll of summoning {unknown}
 F - a scroll of amnesia {unknown}
Potions
 e - 3 potions of lignification
 m - a potion of ambrosia
 q - a potion of haste
 s - a potion of curing
 u - a potion of berserk rage
 x - a potion of cancellation
 B - 2 potions of mutation
 E - 2 potions of brilliance {unknown}
 J - a potion of attraction {unknown}


   Skills:
 * Level 11.3 Fighting
 + Level 11.2 Short Blades
 + Level 3.1 Throwing
 + Level 7.7 Armour
 + Level 5.5 Dodging
 + Level 6.1 Stealth


You had 10 spell levels left.
You knew the following spells:

 Your Spells              Type           Power      Damage    Failure   Level
a - Foxfire               Conj/Fire      0%         2x1d4     77%         1

Your spell library contained the following spells:

 Spells                   Type           Power      Damage    Failure   Level
 Magic Dart               Conj           0%         1d3       77%         1
 Pain                     Necr           0%         1d4       77%         1
 Ensorcelled Hibernation  Hex/Ice        0%         N/A       88%         2
 Sublimation of Blood     Necr           0%         N/A       88%         2
 Conjure Flame            Conj/Fire      0%         6-21      98%         3
 Inner Flame              Hex/Fire       0%         N/A       98%         3
 Anguish                  Hex/Necr       0%         N/A       100%        4
 Cause Fear               Hex            0%         N/A       100%        4
 Flame Wave               Conj/Fire      0%         2d4       100%        4
 Fireball                 Conj/Fire      0%         3d3       100%        5
 Starburst                Conj/Fire      0%         6d3       100%        6
 Ignition                 Fire           0%         3d3       100%        8
 Animate Skeleton         Necr           Unusable   N/A       N/A         1
 Shock                    Conj/Air       Unusable   1d3       N/A         1
 Call Imp                 Summ           Unusable   N/A       N/A         2
 Mephitic Cloud           Conj/Pois/Air  Unusable   N/A       N/A         3
 Spider Form              Tmut/Pois      Unusable   N/A       N/A         3
 Swiftness                Air            Unusable   N/A       N/A         3
 Airstrike                Air            Unusable   N/A       N/A         4
 Dragon Form              Tmut           Unusable   N/A       N/A         7
 Dragon's Call            Summ           Unusable   N/A       N/A         9

Dungeon Overview and Level Annotations

Branches:
Dungeon (13/15)            Temple (1/1) D:6            Lair (0/6) D:9
    Orc (0/2) D:11
 Vaults: D:13-14

Altars:
Ashenzari
Cheibriados
Dithmenos
Elyvilon
Fedhas
Gozag
Hepliaklqana
Kikubaaqudgha
Makhleb
Nemelex Xobeh
Okawaru
Qazlal
Ru
Sif Muna
Trog
Uskayaw
Vehumet
Wu Jian
Xom
Yredelemnul
Zin
The Shining One

Shops:
D:12 =

Annotations:
D:4 1 transporter
D:12 3 runed translucent doors, Azrael; Nyna's ghost, journeyman GnIE
D:13 Kirke


Innate Abilities, Weirdness & Mutations

((A weak demonic guardian rushes to your aid.))
You sometimes gain power by taking damage.
Your magical and physical power is slightly enhanced at high health.
You are missing a hand.
You are hated by all.
You cannot study or cast Air magic.
You cannot study or cast Translocations magic.
You cannot study or cast Transmutations magic.
Your movements are less encumbered by armour. (ER -4)
You have a sharp stinger which inflicts weakening toxins.
You have sharp fingernails.
You have a somewhat thin skeletal structure. (Dex +2, Stealth+)
You are strong-willed. (Will+)
You have hidden genetic potential.


Message History

You bite Kirke!
Kirke is almost dead.
Your surroundings suddenly seem different.
A centaur warrior and 3 centaurs come into view.
The centaur shouts!
The centaur warrior shouts!
You hear a shout!
You hear an angry buzzing noise.
The centaur wields a +0 shortbow.
The centaur shoots an arrow.
The arrow completely misses you.
A centaur comes into view.
The centaur shouts! x2
Found a rapier.
The centaur wields a +0 shortbow.
The centaur shoots an arrow.
The arrow hits you.
The centaur shouts!
A centaur comes into view.
The centaur is stunned by your conviction and fails to attack.
The centaur shoots an arrow.
The arrow closely misses you.
A glowing orange brain comes into view.
Okay, then.
A troll comes into view.
The centaur warrior wields a +0 shortbow.
The centaur warrior shoots an arrow.
The arrow hits you!!
* * * LOW HITPOINT WARNING * * *
A boulder beetle comes into view.
Your magical effects are unravelling.
You feel magically purged.
You feel less porcine.
The +4 short sword of Furouj {vamp, rF++ Stlth+} unmelds from your body.
Your +2 helmet unmelds from your body.
Your +2 pair of boots unmelds from your body.
The +8 chain mail of Impressiveness {Contam Int+3 Stlth+} unmelds from your body.
Your ring of positive energy unmelds from your body.
You feel a sense of dread.
You feel a little less mighty now.
You feel a little less agile now.
The centaur warrior shoots an arrow.
The arrow hits you.
* * * LOW HITPOINT WARNING * * *
You feel yourself speed up.
The centaur is stunned by your conviction and fails to attack.
The centaur warrior shoots an arrow.
The arrow barely misses you.
The centaur warrior shoots an arrow.
The arrow hits you!
You die...

##.#Bc . #.##.#
##.. ##.#c.# ....
#.#c#.#).#
###.c#...#
#....c#.###.
.######.8........⌠.
............#.###..
.......@#..#...#
#.......#.#.#.#..
#.......##.#..##G.
.^....... .##.# ###
#####..## #. .T. W.
#.. .# #.# .. #..
#. #. .. ... ..


You could see a centaur warrior and 3 centaurs.

Vanquished Creatures
  Fannar (D:11)
  2 boulder beetles
  4 two-headed ogres
  A skeletal warrior (D:12)
  The ghost of Baz the Ducker, a novice DjFE of Makhleb (D:6)
  A deep elf pyromancer (D:12)
  2 ugly things (D:12)
  2 cyclopes (D:12)
  An unseen horror (D:12)
  A kobold demonologist (D:11)
  A komodo dragon (D:12)
  2 hornets
  2 shadows (D:11)
  7 wraiths
  2 hogs (D:13)
  A yak (D:9)
  3 wyverns
  3 fire elementals (D:12)
  4 vampire mosquitoes
  A steam dragon (D:8)
  5 water moccasins
  An acid dragon (D:12)
  A swamp drake (D:11)
  The ghost of Anunax the Stinger, an amateur SpVM (D:4)
  4 hell hounds (D:12)
  5 orc warriors
  5 black bears
  A sky beast (D:7)
  2 ice beasts
  2 ogres
  4 centaurs
  3 phantoms
  6 bullfrogs
  5 kobold brigands
  2 necrophages (D:5)
  3 scorpions
  A wyvern skeleton (D:4)
  3 killer bees (D:8)
  8 howler monkeys
  2 electric eels (D:11)
  A jelly (D:6)
  6 orc priests
  Crazy Yiuf (D:2)
  2 hounds
  2 iguanas
  Natasha (thrice) (D:2)
  14 orc wizards
  A killer bee zombie (D:4)
  Robin (D:4)
  3 gnolls (D:6)
  11 adders
  2 white imps
  2 worms
  2 dart slugs
  29 orcs
  3 endoplasms
  A giant cockroach (D:1)
  13 goblins
  7 hobgoblins
  3 quokkas
  5 ball pythons
  5 bats
  2 frilled lizards
  21 kobolds
  8 rats
254 creatures vanquished.

Vanquished Creatures (others)
  Erica (D:11)
  A howler monkey (D:12)
  An orc (D:11)
  21 fungi (D:9)
  68 plants
92 creatures vanquished.

Grand Total: 346 creatures vanquished

Notes
Turn   | Place    | Note
-------+----------+-------------------------------------------
     0 | D:1      | Aksej the Demonspawn Gladiator began the quest for the Orb.
     0 | D:1      | Reached XP level 1. HP: 16/16 MP: 1/1
   419 | D:1      | Gained mutation: You have a small tail. [demonic ancestry]
   419 | D:1      | Reached XP level 2. HP: 22/22 MP: 2/2
  1104 | D:2      | Found a broken altar of Ashenzari.
  1135 | D:2      | Gained mutation: Your movements are slightly less
                  | encumbered by armour. (ER -2) [demonic ancestry]
  1135 | D:2      | Reached XP level 3. HP: 24/27 MP: 3/3
  1170 | D:2      | Identified the +8 chain mail of Impressiveness {Contam
                  | Int+3 Stlth+}
  1421 | D:2      | Found a runed translucent door.
  1422 | D:2      | Noticed Crazy Yiuf
  1433 | D:2      | Killed Crazy Yiuf
  1727 | D:2      | Noticed Natasha
  1737 | D:2      | Killed Natasha
  1738 | D:2      | Gained mutation: You sometimes gain a little power by
                  | taking damage. [demonic ancestry]
  1738 | D:2      | Reached XP level 4. HP: 33/34 MP: 4/4
  1777 | D:2      | Noticed Natasha
  1785 | D:2      | Killed Natasha
  1786 | D:2      | Reached skill level 1 in Armour
  1865 | D:2      | Noticed Natasha
  1872 | D:2      | Killed Natasha
  1873 | D:2      | Gained mutation: You have a tail ending in a sharp stinger.
                  | [demonic ancestry]
  1873 | D:2      | Reached XP level 5. HP: 37/40 MP: 5/5
  2088 | D:3      | Identified the +4 short sword of Furouj {vamp, rF++ Stlth+}
  2295 | D:3      | Found a snail-covered altar of Cheibriados.
  2469 | D:3      | Found a sparkling altar of Nemelex Xobeh.
  3242 | D:4      | Noticed a phantom
  3259 | D:4      | Killed a phantom
  3260 | D:4      | Gained mutation: A weak demonic guardian rushes to your
                  | aid. [demonic ancestry]
  3260 | D:4      | Reached XP level 6. HP: 47/47 MP: 6/6
  3331 | D:4      | Found a transporter.
  3336 | D:4      | Noticed Anunax's ghost (amateur SpVM)
  3337 | D:4      | Found a transporter.
  3375 | D:4      | Noticed a +0 hand axe
  3375 | D:4      | Noticed a +0 hand axe
  3380 | D:4      | Found a hide-covered altar of Uskayaw.
  3681 | D:4      | Noticed Robin
  3720 | D:4      | Killed Robin
  3823 | D:4      | Found a faded altar of an unknown god.
  3823 | D:4      | Found a hazy altar of Hepliaklqana.
  3825 | D:4      | Found a faded altar of an unknown god.
  3890 | D:4      | Killed Anunax's ghost
  3891 | D:4      | Reached skill level 5 in Short Blades
  3897 | D:4      | Gained mutation: You have a sharp stinger which inflicts
                  | weakening toxins. [demonic ancestry]
  3897 | D:4      | Reached XP level 7. HP: 33/53 MP: 7/7
  4201 | D:5      | Entered Level 5 of the Dungeon
  4593 | D:5      | Reached skill level 5 in Fighting
  4641 | D:5      | Gained mutation: Your movements are less encumbered by
                  | armour. (ER -4) [demonic ancestry]
  4641 | D:5      | Reached XP level 8. HP: 61/62 MP: 8/8
  4811 | D:5      | Reached skill level 1 in Stealth
  5264 | D:6      | Found a staircase to the Ecumenical Temple.
  5273 | Temple   | Entered the Ecumenical Temple
  5298 | Temple   | Became a worshipper of Ru the Awakened
  5391 | D:6      | Found a runed translucent door.
  5677 | D:6      | Reached XP level 9. HP: 69/69 MP: 9/9
  5863 | D:6      | Noticed Baz's ghost (novice DjFE)
  5895 | D:6      | Killed Baz's ghost
  5992 | D:7      | Reached skill level 5 in Armour
  6119 | D:7      | Found a shimmering blue altar of Sif Muna.
  6274 | D:7      | Found an iron altar of Okawaru.
  6399 | D:7      | Gained mutation: You are missing a hand. [Ru sacrifice]
  6399 | D:7      | Reached * piety under Ru
  6399 | D:7      | Reached ** piety under Ru
  6696 | D:8      | Found a shadowy altar of Dithmenos.
  7475 | D:8      | Reached XP level 10. HP: 79/79 MP: 10/10
  7646 | D:9      | Learned a level 1 spell: Foxfire
  7709 | D:9      | Found a staircase to the Lair.
  7872 | D:9      | Paralysed by a hornet for 2 turns
  8040 | D:10     | Entered Level 10 of the Dungeon
  8072 | D:10     | Found a blossoming altar of Fedhas.
  8142 | D:10     | Found a broken altar of Ashenzari.
  8302 | D:10     | Gained mutation: You are hated by all. [Ru sacrifice]
  8302 | D:10     | Reached *** piety under Ru
  8302 | D:10     | Reached **** piety under Ru
  8329 | D:10     | Noticed a two-headed ogre
  8344 | D:10     | Killed a two-headed ogre
  8558 | D:10     | Reached skill level 5 in Dodging
  8860 | D:10     | Gained mutation: You are strong-willed. (Will+) [potion of
                  | mutation]
  8860 | D:10     | Gained mutation: You have a somewhat thin skeletal
                  | structure. (Dex +2, Stealth+) [potion of mutation]
  8860 | D:10     | Gained mutation: You have hidden genetic potential. [potion
                  | of mutation]
  8938 | D:11     | Noticed Fannar
  9328 | D:11     | Noticed Erica
  9335 | D:11     | Killed Erica
  9336 | D:11     | Reached skill level 10 in Short Blades
  9336 | D:11     | Gained mutation: You sometimes gain power by taking damage.
                  | [demonic ancestry]
  9336 | D:11     | Reached XP level 11. HP: 89/89 MP: 11/11
  9454 | D:12     | Found a runed translucent gate.
  9456 | D:12     | Found a runed translucent gate.
  9457 | D:12     | Found a runed translucent gate.
  9581 | D:12     | Noticed a white ugly thing
  9586 | D:12     | Killed a white ugly thing
  9810 | D:12     | Noticed a skeletal warrior
  9810 | D:12     | Found the +5 scythe "Finisher" {speed, eviscerate}
  9844 | D:12     | Noticed Nyna's ghost (journeyman GnIE)
  9855 | D:12     | Noticed a cyan ugly thing
  9893 | D:12     | Killed a cyan ugly thing
  9899 | D:12     | Noticed a deep elf pyromancer
  9906 | D:12     | Killed a deep elf pyromancer
  9907 | D:12     | Reached skill level 10 in Fighting
  9935 | D:11     | Noticed a two-headed ogre
  9942 | D:11     | Killed a two-headed ogre
  9943 | D:11     | Reached skill level 5 in Stealth
  9947 | D:11     | Gained mutation: You have sharp fingernails. [hidden
                  | potential]
 10112 | D:11     | Noticed a two-headed ogre
 10140 | D:11     | Killed a two-headed ogre
 10192 | D:11     | Noticed a boulder beetle
 10267 | D:11     | Killed a boulder beetle
 10455 | D:11     | Found a staircase to the Orcish Mines.
 10469 | D:11     | Killed Fannar
 10669 | D:12     | Noticed a two-headed ogre
 10678 | D:12     | Killed a two-headed ogre
 10731 | D:12     | Noticed Azrael
 10930 | D:12     | Got Tofoidoh's Reference Book on Damaging Black Magic
 10987 | D:12     | Found Puigih's Jewellery Boutique.
 10990 | D:12     | Bought the amulet "Gaecedot" {rF++ rN+ Regen+ rCorr Dex-5}
                  | for 753 gold pieces
 11083 | D:12     | Gained mutation: You cannot study or cast Air magic. [Ru
                  | sacrifice]
 11083 | D:12     | Gained mutation: You cannot study or cast Transmutations
                  | magic. [Ru sacrifice]
 11083 | D:12     | Gained mutation: You cannot study or cast Translocations
                  | magic. [Ru sacrifice]
 11083 | D:12     | Reached ***** piety under Ru
 11391 | D:12     | Gained mutation: Your magical and physical power is
                  | slightly enhanced at high health. [demonic ancestry]
 11391 | D:12     | Reached XP level 12. HP: 100/100 MP: 12/12
 11605 | D:13     | Noticed a boulder beetle
 11648 | D:13     | Killed a boulder beetle
 11667 | D:13     | Noticed Kirke
 11719 | D:13     | Noticed a two-headed ogre
 11743 | D:13     | Noticed a centaur warrior
 11750 | D:13     | Noticed a boulder beetle
 11752 | D:13     | Shot with an arrow by a centaur warrior

Illustrated notes

Levels and vault maps discovered:
D:1:      minmay_arrival_checkered_box, layout_basic
D:2:      layout_loops_cross, basic_altar, minmay_fractal_squares_5,
          uniq_crazy_yiuf_cottage, uniq_natasha
D:3:      layout_loops_corners, mainiacjoe_overflow_small_starburst,
          nemelex_diamond_rough_becter, serial_bayou_lake_a
D:4:      layout_gridville, dancing_weapons_uskayaw,
          nicolae_hepliaklqana_ecumenical_no_more, gammafunk_ghost_mausoleum,
          uniq_robin
D:5:      nicolae_cairo_tiling_very_big, layout_loops_cross
D:6:      layout_rooms, minmay_temple_entry_antechambers,
          ebering_ghost_reflecting_pool
D:7:      layout_cave_pools, kennysheep_orc_sif_temple,
          okawaru_ov_weapons_minmay
D:8:      layout_basic, grunt_dithmenos_shadows
D:9:      layout_roguey, due_lair_maze_entry_diamond
D:10:     layout_irregular_city, amethyst_overflow_temple_binary,
          mainiacjoe_overflow_concentric_impassable
D:11:     layout_basic, erik_orc_1, uniq_fannar, uniq_erica
D:12:     layout_basic, gammafunk_ghost_icy, serial_shops, kennysheep_mini_moat,
          minmay_guarded_unrand_finisher, uniq_azrael
D:13:     minmay_complete_graph, layout_long_grid, uniq_josephine, uniq_kirke
Temple:   pdpol_scorched_temple

Skill      XL: |  1  2  3  4  5  6  7  8  9 10 11 12 |
---------------+-------------------------------------+-----
Dodging        | 3 4 5 |  5.5
Throwing       | 2 3 |  3.1
Short Blades   | 3 4 5 6 7 8 10 11 | 11.2
Armour         | 1 2 3 4 5 6 7 |  7.7
Fighting       | 3 5 6 7 9 11 | 11.3
Stealth        | 2 3 4 5 6 |  6.1

Action                   |  1- 3 |  4- 6 |  7- 9 | 10-12 || total
-------------------------+-------+-------+-------+-------++-------
Melee: Rapier            |    54 |       |       |       ||    54
       Tailslap          |    11 |    31 |    60 |   155 ||   257
       Short sword       |    28 |   190 |   366 |   715 ||  1299
       Punch             |     1 |       |     2 |       ||     3
       Unarmed           |       |       |       |     8 ||     8
Throw: Throwing net      |       |     2 |     2 |     2 ||     6
       Boomerang         |       |       |       |    25 ||    25
Invok: Sacrifice a Hand  |       |       |     1 |       ||     1
       Sacrifice Love    |       |       |       |     1 ||     1
       Sacrifice Arcana  |       |       |       |     1 ||     1
Evoke: Wand              |       |       |       |     1 ||     1
  Use: Scroll            |     1 |     2 |     8 |    10 ||    21
       Potion            |       |       |     4 |     7 ||    11
 Stab: Sleeping          |     1 |     1 |     9 |    10 ||    21
       Held in net/web   |       |       |     1 |       ||     1
       Distracted        |       |       |     1 |     2 ||     3
       Confused          |       |       |       |     2 ||     2
       Invisible         |       |       |       |     6 ||     6
Armor: Leather armour    |    18 |       |       |       ||    18
       Chain mail        |     9 |   103 |   190 |   258 ||   560
Dodge: Dodged            |    43 |    70 |   131 |   217 ||   461

Table legend: (Time is in decaauts)
 A = Elapsed time spent in this place.
 B = Non-inter-level travel time spent in this place.
 C = Inter-level travel time spent in this place.
 D = Time resting spent in this place.
 E = Time spent auto-exploring this place.
 F = Levels seen in this place.
 G = Mean time per level.
                   A        B        C        D        E       F      G
               +--------+--------+--------+--------+--------+-----+--------+
         Total |  11395 |  11011 |    384 |      0 |   8524 |  14 |  813.9 |
       Dungeon |  11363 |  10984 |    379 |      0 |   8511 |  13 |  874.1 |
        Temple |     31 |     26 |      5 |      0 |     13 |   1 |   31.0 |
               +--------+--------+--------+--------+--------+-----+--------+

Top non-repeatable levels by time:
    D:12: 1427 daAuts
     D:3: 1221 daAuts
     D:2: 1042 daAuts
    D:11: 1012 daAuts
     D:4: 997 daAuts
     D:1: 974 daAuts
    D:10: 884 daAuts
     D:6: 833 daAuts
     D:5: 832 daAuts
     D:8: 824 daAuts
     D:7: 636 daAuts
     D:9: 527 daAuts
    D:13: 148 daAuts
  Temple: 31 daAuts
